 Dungeon Crawl Stone Soup version 0.27-a0-1590-g15f6982 (webtiles) character file.

Game seed: 12736656271343526737

539 Geeful the Agent of Entropy (level 7, -3/53 (55) HPs)
             Began as a Demonspawn Abyssal Knight on July 18, 2021.
             Was a Priest of Lugonu.
             Killed from afar by Crazy Yiuf (9 damage)
             ... with a puff of flame
             ... on level 3 of the Dungeon.
             The game lasted 00:16:54 (6275 turns).

Geeful the Agent of Entropy (DsAK)                  Turns: 6275, Time: 00:16:55

HP:   -3/53 (55)    AC:  6    Str: 14    XL:     7   Next: 5%
MP:   10/10         EV: 12    Int: 13    God:    Lugonu [***...]
Gold: 140           SH:  4    Dex: 19    Spells: 6/6 levels left

rFire    . . .     SeeInvis .     - Unarmed
rCold    + . .     Faith    .   (no shield)
rNeg     . . .     Spirit   .   c - +0 ring mail
rPois    .         Reflect  .   (no helmet)
rElec    .         Harm     .   (no cloak)
rCorr    .         Rampage  .   (no gloves)
Will     .....                  l - +0 pair of boots
Stlth    +.........             (no amulet)
HPRegen  0.17/turn              h - +6 ring of dexterity
MPRegen  0.12/turn              i - ring of protection from cold

@: lethally poisoned (-3 -> -20), lightly drained
A: claws 1, large bone plates 1, demonic magic 1
a: Renounce Religion, Depart the Abyss, Bend Space, Banish


You were on level 3 of the Dungeon.
You worshipped Lugonu.
Lugonu was most pleased with you.
You visited 1 branch of the dungeon, and saw 4 of its levels.
You visited the Abyss 1 time.
You also visited: Ossuary.

You collected 140 gold pieces.

Inventory:

Missiles
 d - 26 poisoned darts (quivered)
Armour
 c - a +0 ring mail (worn)
 l - a +0 pair of boots (worn)
Jewellery
 h - a +6 ring of dexterity (left claw)
 i - a ring of protection from cold (right claw)
Wands
 o - a wand of acid (12)
 r - a wand of iceblast (13)
Scrolls
 a - 5 scrolls of teleportation
 f - 2 scrolls of summoning
 g - 6 scrolls of identify
Potions
 b - a potion of curing
 e - a potion of haste
 j - a potion of might
 k - 2 potions of attraction
 m - 2 potions of brilliance {unknown}
 n - 3 potions of degeneration {unknown}
 p - a potion of lignification {unknown}
 q - 2 potions of heal wounds {unknown}


   Skills:
 + Level 4.5 Fighting
 + Level 3.4 Armour
 + Level 3.0 Dodging
 + Level 3.4 Unarmed Combat
 + Level 4.9 Invocations


You had 6 spell levels left.
You didn't know any spells.
Your spell library contained the following spells:

 Spells                   Type           Power      Damage    Failure   Level
 Ignite Poison            Fire/Tmut/Pois 0%         N/A       88%         3
 Mephitic Cloud           Conj/Pois/Air  0%         N/A       88%         3
 Bolt of Magma            Conj/Fire/Erth 0%         4d4       100%        5


Dungeon Overview and Level Annotations

Branches:
Dungeon (4/15)             Temple (0/1) D:4         Ossuary (visited)

Altars:

Annotations:
D:3 Crazy Yiuf; poml's ghost, amateur NaGl


Innate Abilities, Weirdness & Mutations

You have sharp fingernails.
You are partially covered in large bone plates. (SH +4)
Spells you cast may paralyse adjacent enemies.


Message History

You scratch Crazy Yiuf.
Crazy Yiuf is lightly wounded.
Crazy Yiuf zaps a wand.
The puff of flame misses you.
You scratch Crazy Yiuf.
Crazy Yiuf is moderately wounded.
You scratch Crazy Yiuf.
Crazy Yiuf is heavily wounded.
Crazy Yiuf hits you with a +2 quarterstaff of chaos!
You feel drained.
You scratch Crazy Yiuf. You claw Crazy Yiuf, but do no damage.
Crazy Yiuf is severely wounded.
You block Crazy Yiuf's attack.
You closely miss Crazy Yiuf.
Crazy Yiuf is severely wounded.
Crazy Yiuf closely misses you.
You scratch Crazy Yiuf but do no damage.
Crazy Yiuf is severely wounded.
Crazy Yiuf hits you with a +2 quarterstaff of chaos!
You scratch Crazy Yiuf but do no damage.
Crazy Yiuf is severely wounded.
Crazy Yiuf zaps a wand.
The puff of flame hits you!
You scratch Crazy Yiuf but do no damage.
Crazy Yiuf is severely wounded.
Crazy Yiuf says, "Goober leg verde!"
You block Crazy Yiuf's attack.
You closely miss Crazy Yiuf.
Crazy Yiuf is severely wounded.
Crazy Yiuf hits you with a +2 quarterstaff of chaos.
You convulse.
You closely miss Crazy Yiuf.
Crazy Yiuf is severely wounded.
Crazy Yiuf hits you with a +2 quarterstaff of chaos!
* * * LOW HITPOINT WARNING * * *
You are lethally poisoned!
You scratch Crazy Yiuf but do no damage.
Crazy Yiuf is severely wounded.
* * * LOW HITPOINT WARNING * * *
You feel very sick.
Crazy Yiuf zaps a wand.
The puff of flame hits you!
You die...

#### ♣♣#### # #)..#♣♣
♣♣.#..## #
#..g@.♣♣♣♣......# #
#...#♣..♣..♣....#####
#### ♣♣♣.♣..#.#......
♣♣♣♣♣#######.# ####.#
######### #....#
#.......###########....#
#(......+...............
#.......########.......#


You could see Crazy Yiuf.

Vanquished Creatures
  3 elf zombies (Ossuary)
  2 scorpions (D:4)
  An iguana (D:4)
  2 mummies (Ossuary)
  4 adders
  An adder zombie (Ossuary)
  A dart slug (D:4)
  3 worms (D:2)
  An orc (D:3)
  7 ball pythons
  7 endoplasms
  3 giant cockroaches
  13 goblins
  7 hobgoblins
  13 jackals
  5 kobolds
  5 quokkas
  3 bats
  3 goblin zombies (Ossuary)
  10 hobgoblin zombies (Ossuary)
  A jackal zombie (Ossuary)
  10 kobold zombies (Ossuary)
  9 orc zombies (Ossuary)
  3 rats
117 creatures vanquished.

Notes
Turn   | Place    | Note
-------+----------+-------------------------------------------
     0 | Abyss:1  | Geeful the Demonspawn Abyssal Knight began the quest for
                  | the Orb.
     0 | Abyss:1  | Reached XP level 1. HP: 18/18 MP: 2/2
    71 | Abyss:1  | Noticed a large abomination
   104 | Abyss:2  | Noticed a small abomination
   114 | D:1      | Escaped the Abyss
   191 | D:1      | Reached skill level 1 in Dodging
   432 | D:1      | Gained mutation: You are partially covered in large bone
                  | plates. (SH +4) [demonic ancestry]
   432 | D:1      | Reached XP level 2. HP: 11/24 MP: 4/4
   809 | D:1      | Reached * piety under Lugonu
  1336 | D:1      | Reached XP level 3. HP: 26/29 MP: 5/5
  2370 | D:2      | Gained mutation: You have sharp fingernails. [demonic
                  | ancestry]
  2370 | D:2      | Reached XP level 4. HP: 17/35 MP: 6/6
  2934 | D:2      | Reached ** piety under Lugonu
  3496 | D:3      | Found a transporter.
  3496 | D:3      | Noticed poml's ghost (amateur NaGl)
  3502 | D:3      | Found a transporter.
  3634 | D:3      | Found a faded altar of an unknown god.
  3892 | D:3      | You fall into a shaft and drop 1 floor!
  3954 | D:4      | Noticed a scorpion
  3972 | D:4      | Killed a scorpion
  3973 | D:4      | Reached XP level 5. HP: 11/42 MP: 7/7
  4221 | D:4      | Found a sand-covered staircase.
  4235 | Ossuary  | Entered an ossuary
  4620 | Ossuary  | Reached *** piety under Lugonu
  4682 | Ossuary  | Gained mutation: Spells you cast may paralyse adjacent
                  | enemies. [demonic ancestry]
  4682 | Ossuary  | Reached XP level 6. HP: 30/48 MP: 9/9
  4926 | Ossuary  | HP: 2/48 [elf zombie (7)]
  5679 | D:4      | Reached XP level 7. HP: 49/55 MP: 10/10
  5778 | D:4      | Found a staircase to the Ecumenical Temple.
  6259 | D:3      | Found a runed translucent door.
  6260 | D:3      | Noticed Crazy Yiuf
  6275 | D:3      | Killed from afar by Crazy Yiuf

Illustrated notes

Levels and vault maps discovered:
D:1:      minmay_arrival_up_and_down, layout_loops_ring
D:2:      layout_loops_corners, grunt_ministairs_3, solitary_fountain,
          minmay_joined_circles
D:3:      layout_basic, gammafunk_ghost_mausoleum, shapermc_ecumenical_altar_gd,
          chequers_arboretum, uniq_crazy_yiuf_cottage
D:4:      layout_loops_corners, minmay_temple_entry_arrows,
          nicolae_ossuary_entry_monument

Skill      XL: |  1  2  3  4  5  6 |
---------------+-------------------+-----
Dodging        | 1 2 3 |  3.0
Armour         | 2 3 |  3.4
Unarmed Combat | 2 3 |  3.4
Invocations    | 3 4 |  4.9
Fighting       | 4 |  4.5

Action                   |  1- 3 |  4- 6 |  7- 9 || total
-------------------------+-------+-------+-------++-------
Melee: Unarmed           |   211 |   318 |    35 ||   564
       Punch             |     4 |     3 |     1 ||     8
Throw: Stone             |     4 |       |       ||     4
       Dart              |       |     9 |       ||     9
Invok: Depart the Abyss  |     1 |       |       ||     1
  Use: Scroll            |     6 |     5 |       ||    11
       Potion            |       |     4 |       ||     4
 Stab: Sleeping          |       |     1 |       ||     1
Armor: Ring mail         |    57 |    57 |     7 ||   121
Dodge: Dodged            |    93 |   133 |    17 ||   243
Block: Other             |    32 |    37 |     4 ||    73

Table legend: (Time is in decaauts)
 A = Elapsed time spent in this place.
 B = Non-inter-level travel time spent in this place.
 C = Inter-level travel time spent in this place.
 D = Time resting spent in this place.
 E = Time spent auto-exploring this place.
 F = Levels seen in this place.
 G = Mean time per level.
                   A        B        C        D        E       F      G
               +--------+--------+--------+--------+--------+-----+--------+
         Total |   6235 |   6103 |    132 |    816 |   3696 |   7 |  890.7 |
       Dungeon |   5155 |   5023 |    132 |    441 |   3696 |   4 | 1288.8 |
         Abyss |    115 |    115 |      0 |      0 |      0 |   2 |   57.5 |
       Ossuary |    964 |    964 |      0 |    375 |      0 |   1 |  964.0 |
               +--------+--------+--------+--------+--------+-----+--------+

Top non-repeatable levels by time:
     D:1: 1669 daAuts
     D:2: 1610 daAuts
     D:4: 1230 daAuts
 Ossuary: 964 daAuts
     D:3: 645 daAuts
 Abyss:1: 88 daAuts
 Abyss:2: 27 daAuts
